 Dungeon Crawl Stone Soup version 0.22-a0-136-g83a10e5898 (webtiles) character file.

54906 MrRokkomies the Thaumaturge (level 14, -25/108 HPs)
             Began as a Gnoll Venom Mage on Feb 2, 2018.
             Was the Champion of Okawaru.
             Shot with a bolt by an orc warlord (28 damage)
             ... while paralysed by an orc sorcerer
             ... on level 2 of the Orcish Mines.
             The game lasted 01:13:34 (19274 turns).

MrRokkomies the Thaumaturge (Gnoll Venom Mage)     Turns: 19274, Time: 01:13:35

Health: -25/108    AC: 22    Str: 11 (12) XL:     14   Next: 75%
Magic:  21/28      EV:  2    Int: 24      God:    Okawaru [******]
Gold:   1350       SH:  0    Dex: 23      Spells: 8/34 levels left

rFire    . . .     SeeInvis +   a - +4 dagger (venom)
rCold    + . .     Gourm    .   S - +2 buckler {AC+3}
rNeg     + + +     Faith    .   C - +2 robe {rC+}
rPois    .         Spirit   .   d - +2 helmet {Int+3}
rElec    +         Reflect  .   f - +2 cloak
rCorr    .         Harm     .   s - +2 pair of gloves
MR       ++...                  (no boots)
Stlth    +++++.....             T - amulet of the Equinox {RegenMP rElec rN+++ Str-3 SInv}
HPRegen  0.28/turn              t - ring of protection from magic
MPRegen  0.46/turn              o - ring "Joegh" {Str+3 Dex+7}

@: paralysed, very slightly contaminated
A: distributed training, fangs 1, icy blue scales 1, iridescent scales 1, blurry
vision 1, deterioration 1, sturdy frame 1, strong nose
a: Heroism, Finesse, Renounce Religion


You were on level 2 of the Orcish Mines.
You worshipped Okawaru.
Okawaru was exalted by your worship.
You were not hungry.

You visited 4 branches of the dungeon, and saw 20 of its levels.
You also visited: Labyrinth.

You collected 1350 gold pieces.

Inventory:

Hand Weapons
 a - a +4 dagger of venom (weapon)
 b - a +3 hunting sling
 p - a +1 scimitar of electrocution
 v - a +0 blowgun
 E - the +7 short sword of Fundamental Breach {antimagic, +Rage rF+}
   (You took it off Josephine on level 6 of the Lair of Beasts)

   It reduces the magical energy of the wielder, and disrupts the spells and
   magical abilities of those hit.
   Natural abilities and divine invocations are not affected.
   It protects you from fire.
   It lets you go berserk.
Missiles
 h - 606 stones
 n - 75 sling bullets
 J - a javelin of returning (quivered)
 R - 5 throwing nets
 Z - 8 curare-tipped needles
Armour
 d - a +2 helmet of intelligence (worn)
 f - a +2 cloak (worn)
 s - a +2 pair of gloves (worn)
 C - a +2 robe of cold resistance (worn)
 S - a +2 buckler of protection (worn)
Magical Staves
 w - an uncursed staff of poison
Jewellery
 o - the ring "Joegh" (right hand) {Str+3 Dex+7}
   (You found it in a labyrinth)

   [ring of strength]

   It affects your strength (+3).
   It affects your dexterity (+7).
 t - a ring of protection from magic (left hand)
 z - an uncursed ring of protection from fire
 H - a +3 ring of slaying
 T - the amulet of the Equinox (around neck) {RegenMP rElec rN+++ Str-3 SInv}
   (You found it in a labyrinth)

   [amulet of magic regeneration]

   It increases your magic regeneration.
   It affects your strength (-3).
   It insulates you from electricity.
   It renders you almost immune to negative energy.
   It lets you see invisible.
Wands
 y - a wand of clouds (6)
 B - a wand of iceblast (53)
 N - a wand of acid (10)
 O - a wand of disintegration (27)
 P - a wand of digging (36)
 U - a wand of paralysis (11)
 V - a wand of enslavement (9)
Scrolls
 m - a scroll of identify
 q - a scroll of remove curse
 x - 7 scrolls of teleportation
 M - 2 scrolls of immolation
 X - 2 scrolls of fog
Potions
 e - 3 potions of resistance
 g - a potion of heal wounds
 i - a potion of magic
 l - 7 potions of curing
 u - a potion of berserk rage
 A - 3 potions of haste
 F - 2 potions of might
 G - a potion of ambrosia
 K - 3 potions of flight
 W - 3 potions of agility
Miscellaneous
 D - a phial of floods
 Q - a box of beasts
Comestibles
 c - 41 rations


   Skills:
 + Level 9.4 Fighting
 + Level 9.4 Short Blades
 + Level 9.4 Long Blades
 + Level 9.4 Axes
 + Level 9.4 Maces & Flails
 + Level 9.4 Polearms
 + Level 9.4 Staves
 + Level 9.4 Slings
 + Level 9.4 Bows
 + Level 9.4 Crossbows
 + Level 9.4 Throwing
 + Level 9.4 Armour
 + Level 10.4 Dodging
 + Level 10.2 Stealth
 + Level 9.4 Shields
 + Level 9.4 Unarmed Combat
 + Level 10.6 Spellcasting
 + Level 8.2 Conjurations
 + Level 7.8 Hexes
 + Level 7.8 Charms
 + Level 7.8 Summonings
 + Level 7.8 Necromancy
 + Level 7.8 Translocations
 + Level 7.8 Transmutations
 + Level 7.8 Fire Magic
 + Level 7.8 Ice Magic
 + Level 7.8 Air Magic
 + Level 7.8 Earth Magic
 + Level 9.6 Poison Magic
 + Level 10.2 Invocations
 + Level 9.4 Evocations


You had 8 spell levels left.
You knew the following spells:

 Your Spells              Type           Power        Failure   Level  Hunger
a - Blink                 Tloc           N/A          1%          2    None
b - Poisonous Vapours     Pois/Air       ######       1%          2    None
c - Mephitic Cloud        Conj/Pois/Air  ######..     1%          3    None
d - Olgreb's Toxic Radia  Pois           ######..     1%          4    None
e - Venom Bolt            Conj/Pois      ######....   3%          5    ####...
f - Irradiate             Conj/Tmut      ######....   4%          5    ####...
g - Call Imp              Summ           ######..     1%          2    None
h - Conjure Flame         Conj/Fire      ######..     1%          3    None


Dungeon Overview and Level Annotations

Branches:
Dungeon (11/15)            Temple (1/1) D:5            Lair (6/6) D:9
  Swamp (0/4) Lair:2        Snake (0/4) Lair:4        Slime (0/5) Lair:5
    Orc (2/2) D:11            Elf (0/3) Orc:2

Altars:
Ashenzari
Cheibriados
Dithmenos
Elyvilon
Fedhas
Gozag
Hepliaklqana
Kikubaaqudgha
Makhleb
Nemelex Xobeh
Okawaru
Qazlal
Ru
Sif Muna
Trog
Uskayaw
Vehumet
Wu Jian
Xom
Yredelemnul
Zin
The Shining One
Jiyva

Shops:
D:11 *   Orc:2 *(

Annotations:
D:2 exclusion: oklob plant


Innate Abilities, Weirdness & Mutations

Your experience applies equally to all skills.
You have very sharp teeth.
Your uncanny sense of smell can sniff out nearby items.
You are partially covered in icy blue scales. (AC +2)
You are partially covered in iridescent scales. (AC +2)
Scrolls take you a little longer to read.
Your body sometimes deteriorates upon taking damage.
Your movements are slightly less encumbered by armour. (ER -2)


Message History

* * * LOW HITPOINT WARNING * * *
The troll bites you but does no damage. The troll claws you.
* * * LOW HITPOINT WARNING * * *
The troll claws you.
* * * LOW HITPOINT WARNING * * *
The orc knight is engulfed in freezing vapours.
You kill the orc knight!
Okawaru accepts your kill.
You feel your strength returning.
You kill the orc warrior!
Okawaru accepts your kill. The troll bites you.
* * * LOW HITPOINT WARNING * * *
The troll claws you but does no damage. The troll claws you.
* * * LOW HITPOINT WARNING * * *
The orc high priest calls upon Beogh to heal the orc warlord.
The orc warlord is healed somewhat.
The orc warlord is engulfed in freezing vapours.
The orc warlord shoots a bolt.
The bolt hits you!!
You die...

,,....o)...(............,,,,,** *
,,.....o...[............,,,,,,*
,,....P).(......oO......,,,,,,***
*,.......)#o..§§§§#..o..,,,,,,,,*
**#.......#.).§§§o§....#*,,,,,,,*
,,....(...#..))§§§o....#**,,,,,,*
,,......######o§§§.....# *,,,,,,,
,,....).,* **#.)§).....# *,,,,,,,
,,......** *,#..@T.....#**,,,,,,*
**......***#.....)....##*,,,,,,,*
*,,,,,,,,#.............,,,,,,***
**,,,,,,,#.o5.(.##.....,,,,,,,,*
**,,*,,.....#..#,.....,,,,,,**,
**,**...35.####**....,,,,,,***
****......* *#...,,<,*** *
*,,.5..,* *...,,,** ** ***,,,,**
***,,,,* *,


You could see an orc warlord, an orc high priest, a troll, a neqoxec, an orc
sorcerer, 2 orc warriors, an ogre, an iron imp, 2 orc priests, a quasit and a
crimson imp.

Vanquished Creatures
  Josephine (Lair:6)
  A minotaur (Lab)
  6 hydras
  Harold (Lair:1)
  A catoblepas (D:11)
  6 two-headed ogres
  An orc high priest (Orc:2)
  An unseen horror (D:9)
  The ghost of Sergey the Martial Artist, a novice DgIE (D:10)
  Pikel (D:4)
  An orc knight (Orc:2)
  4 orc sorcerers
  Maurice (D:11)
  A torpor snail (Lair:6)
  3 black mambas
  27 spiny frogs
  2 rime drakes
  7 komodo dragons
  2 trolls
  5 tyrant leeches (Lair:6)
  A polar bear (Lair:3)
  17 blink frogs
  7 dream sheep (Lair:6)
  9 hippogriffs
  35 yaks
  5 wraiths (Lair:6)
  A basilisk (Lair:4)
  6 vampire mosquitoes (Lair:6)
  2 steam dragons (D:8)
  6 hungry ghosts
  Menkaure (D:5)
  2 nagas (Lair:4)
  3 wargs (D:11)
  Duvessa (D:6)
  5 water moccasins
  5 porcupines
  A sky beast (D:10)
  14 orc warriors
  A swamp drake (Lair:1)
  2 phantoms
  A slave (D:4)
  2 ice beasts
  7 ogres
  6 wolves (Lair:2)
  6 centaurs
  8 crocodiles
  Blork the orc (D:6)
  2 big kobolds (D:7)
  19 bullfrogs
  A gnoll sergeant (D:7)
  An earth elemental (Lab)
  6 scorpions
  Dowan (D:6)
  4 killer bees (D:7)
  A spriggan skeleton (Lab)
  A troll skeleton (Lab)
  5 wights (D:10)
  4 howler monkeys
  2 electric eels (D:11)
  3 crimson imps
  A bullfrog zombie (D:5)
  A centaur zombie (D:11)
  7 orc priests
  2 bullfrog skeletons (D:8)
  6 hounds
  A jelly (D:6)
  A centaur skeleton (D:5)
  Jessica (D:2)
  3 iguanas
  Ijyb (D:3)
  Natasha (thrice) (D:2)
  12 orc wizards
  14 worker ants
  A killer bee zombie (D:6)
  2 ogre skeletons (Lab)
  A howler monkey zombie (D:9)
  Robin (D:3)
  7 gnolls
  14 adders
  2 shadow imps
  An adder zombie (D:9)
  An ooze (D:6)
  An adder skeleton (D:5)
  2 worms
  A dart slug (D:2)
  9 leopard geckos
  49 orcs
  4 giant cockroaches
  12 goblins
  11 hobgoblins
  14 jackals
  A quokka (D:5)
  6 bats
  4 frilled lizards
  A jackal skeleton (D:5)
  13 kobolds
  4 rats
  2 plants
495 creatures vanquished.

Vanquished Creatures (others)
  An orc priest (D:4)
  An orc (D:4)
  A leopard gecko skeleton (D:4)
  A quokka skeleton (D:4)
  18 fungi
  48 plants
70 creatures vanquished.

Grand Total: 565 creatures vanquished

Notes
Turn   | Place    | Note
-------+----------+-------------------------------------------
     0 | D:1      | MrRokkomies the Gnoll Venom Mage began the quest for the Orb.
     0 | D:1      | Reached XP level 1. HP: 13/13 MP: 6/6
   476 | D:1      | Reached XP level 2. HP: 19/19 MP: 7/7
   899 | D:1      | Learned a level 2 spell: Poisonous Vapours
   931 | D:2      | Reached XP level 3. HP: 19/25 MP: 9/9
  1009 | D:2      | Learned a level 3 spell: Mephitic Cloud
  1030 | D:2      | Reached skill level 5 in Spellcasting
  1046 | D:2      | Found a shadowy altar of Dithmenos.
  1259 | D:2      | Found a blossoming altar of Fedhas.
  1269 | D:2      | Noticed an oklob plant
  1353 | D:2      | Reached skill level 1 in Invocations
  1386 | D:2      | Noticed Natasha
  1399 | D:2      | Killed Natasha
  1399 | D:2      | Reached skill level 1 in Fighting
  1399 | D:2      | Reached skill level 1 in Short Blades
  1399 | D:2      | Reached skill level 1 in Long Blades
  1399 | D:2      | Reached skill level 1 in Axes
  1399 | D:2      | Reached skill level 1 in Maces & Flails
  1399 | D:2      | Reached skill level 1 in Polearms
  1399 | D:2      | Reached skill level 1 in Staves
  1399 | D:2      | Reached skill level 1 in Slings
  1399 | D:2      | Reached skill level 1 in Bows
  1399 | D:2      | Reached skill level 1 in Crossbows
  1399 | D:2      | Reached skill level 1 in Throwing
  1399 | D:2      | Reached skill level 1 in Armour
  1399 | D:2      | Reached skill level 1 in Shields
  1399 | D:2      | Reached skill level 1 in Unarmed Combat
  1399 | D:2      | Reached skill level 1 in Evocations
  1399 | D:2      | Reached XP level 4. HP: 27/32 MP: 3/11
  1516 | D:2      | Noticed Jessica
  1521 | D:2      | Killed Jessica
  1521 | D:2      | Reached skill level 1 in Hexes
  1521 | D:2      | Reached skill level 1 in Charms
  1521 | D:2      | Reached skill level 1 in Summonings
  1521 | D:2      | Reached skill level 1 in Necromancy
  1521 | D:2      | Reached skill level 1 in Translocations
  1521 | D:2      | Reached skill level 1 in Transmutations
  1521 | D:2      | Reached skill level 1 in Fire Magic
  1521 | D:2      | Reached skill level 1 in Ice Magic
  1521 | D:2      | Reached skill level 1 in Air Magic
  1521 | D:2      | Reached skill level 1 in Earth Magic
  1522 | D:2      | Reached XP level 5. HP: 37/37 MP: 7/12
  1923 | D:2      | Noticed Natasha
  1927 | D:2      | Killed Natasha
  1930 | D:2      | Noticed Natasha
  1931 | D:2      | Killed Natasha
  2147 | D:3      | Reached XP level 6. HP: 33/44 MP: 13/13
  2248 | D:3      | Learned a level 4 spell: Olgreb's Toxic Radiance
  2259 | D:3      | Learned a level 5 spell: Venom Bolt
  2353 | D:3      | Noticed Robin
  2370 | D:3      | Killed Robin
  2846 | D:3      | Noticed Ijyb
  2857 | D:3      | Killed Ijyb
  3241 | D:4      | Reached skill level 5 in Dodging
  3568 | D:4      | Noticed Pikel
  3568 | D:4      | Noticed a slave
  3568 | D:4      | Noticed a slave
  3568 | D:4      | Noticed a slave
  3572 | D:4      | Noticed a slave
  3580 | D:4      | Killed a slave
  3586 | D:4      | Killed Pikel
  3586 | D:4      | Reached skill level 5 in Stealth
  3586 | D:4      | Reached XP level 7. HP: 40/51 MP: 15/15
  3722 | D:4      | Reached XP level 8. HP: 57/57 MP: 16/16
  4624 | D:5      | Entered Level 5 of the Dungeon
  4754 | D:5      | Noticed Menkaure
  4991 | D:5      | Killed Menkaure
  5375 | D:5      | Reached XP level 9. HP: 60/65 MP: 18/18
  5406 | D:5      | Found a staircase to the Ecumenical Temple.
  5509 | Temple   | Entered the Ecumenical Temple
  5698 | Temple   | Became a worshipper of Warmaster Okawaru
  6407 | D:6      | Noticed Dowan
  6409 | D:6      | Noticed Duvessa
  6417 | D:6      | Killed Dowan
  6424 | D:6      | Killed Duvessa
  6556 | D:6      | Reached * piety under Okawaru
  6636 | D:6      | Noticed Blork the orc
  6645 | D:6      | Killed Blork the orc
  6658 | D:6      | Found a shadowy altar of Dithmenos.
  6967 | D:7      | Reached skill level 5 in Invocations
  7190 | D:7      | Reached XP level 10. HP: 73/73 MP: 20/20
  7383 | D:7      | Reached ** piety under Okawaru
  7439 | D:7      | Reached skill level 5 in Conjurations
  7439 | D:7      | Reached skill level 5 in Hexes
  7439 | D:7      | Reached skill level 5 in Charms
  7439 | D:7      | Reached skill level 5 in Summonings
  7439 | D:7      | Reached skill level 5 in Necromancy
  7439 | D:7      | Reached skill level 5 in Translocations
  7439 | D:7      | Reached skill level 5 in Transmutations
  7439 | D:7      | Reached skill level 5 in Fire Magic
  7439 | D:7      | Reached skill level 5 in Ice Magic
  7439 | D:7      | Reached skill level 5 in Air Magic
  7439 | D:7      | Reached skill level 5 in Earth Magic
  7439 | D:7      | Reached XP level 11. HP: 81/81 MP: 20/23
  8329 | D:8      | Noticed a two-headed ogre
  8339 | D:8      | Killed a two-headed ogre
  8482 | D:9      | Reached *** piety under Okawaru
  8493 | D:9      | Received a gift from Okawaru
  8510 | D:9      | Noticed a two-headed ogre
  8522 | D:9      | Killed a two-headed ogre
  8602 | D:9      | Noticed a two-headed ogre
  8611 | D:9      | Killed a two-headed ogre
  8695 | D:9      | Found a staircase to the Lair.
  8961 | D:9      | Noticed a two-headed ogre
  8973 | D:9      | Killed a two-headed ogre
  9197 | D:9      | Killed an unseen horror
  9197 | D:9      | Reached **** piety under Okawaru
  9238 | Lair:1   | Entered Level 1 of the Lair of Beasts
  9270 | Lair:1   | Learned a level 5 spell: Irradiate
  9401 | Lair:1   | Received a gift from Okawaru
  9424 | Lair:1   | Noticed Harold
  9437 | Lair:1   | Killed Harold
  9437 | Lair:1   | Reached XP level 12. HP: 78/89 MP: 21/24
 10323 | Lair:2   | Gained mutation: You have a pair of small antennae on your head. [potion of mutation]
 10323 | Lair:2   | Gained mutation: You are covered in fur. (AC +1) [potion of mutation]
 10323 | Lair:2   | Gained mutation: You have an increased reservoir of magic. (+10% MP) [potion of mutation]
 10324 | Lair:2   | Lost mutation: You have an increased reservoir of magic. (+10% MP) [potion of mutation]
 10324 | Lair:2   | Lost mutation: You have a pair of small antennae on your head. [potion of mutation]
 10324 | Lair:2   | Gained mutation: You tend to lose your temper in combat. [potion of mutation]
 10324 | Lair:2   | Gained mutation: You are robust. (+10% HP) [potion of mutation]
 10324 | Lair:2   | Lost mutation: You are robust. (+10% HP) [potion of mutation]
 10324 | Lair:2   | Gained mutation: You are partially covered in iridescent scales. (AC +2) [potion of mutation]
 10513 | Lair:2   | Found a staircase to the Swamp.
 10666 | Lair:3   | Reached ***** piety under Okawaru
 10833 | Lair:3   | Noticed a six-headed hydra
 10884 | Lair:3   | Killed a six-headed hydra
 10884 | Lair:3   | Received a gift from Okawaru
 11094 | Lair:3   | Received a gift from Okawaru
 11478 | Lair:4   | Noticed a six-headed hydra
 11492 | Lair:4   | Killed a six-headed hydra
 11532 | Lair:4   | Found a labyrinth entrance.
 11549 | Lab      | Entered a labyrinth
 11713 | Lab      | Learned a level 2 spell: Blink
 11716 | Lab      | Learned a level 2 spell: Call Imp
 11720 | Lab      | Learned a level 3 spell: Conjure Flame
 12036 | Lab      | Noticed a minotaur
 12039 | Lab      | Killed a minotaur
 12040 | Lab      | Identified Sif Muna's Tome of Calling
 12041 | Lab      | Got a clouded emerald amulet
 12044 | Lab      | Identified the amulet of the Equinox {RegenMP rElec rN+++ Str-3 SInv} (You found it in a labyrinth)
 12048 | Lab      | Got a sparkling golden ring
 12137 | Lair:4   | Identified the ring "Joegh" {Str+3 Dex+7} (You found it in a labyrinth)
 12295 | Lair:4   | Reached XP level 13. HP: 81/98 MP: 26/26
 12309 | Lair:4   | Found a staircase to the Snake Pit.
 12970 | Lair:5   | Found a staircase to the Slime Pits.
 12970 | Lair:5   | Found a viscous altar of Jiyva.
 13758 | Lair:6   | Entered Level 6 of the Lair of Beasts
 13768 | Lair:6   | Received a gift from Okawaru
 13771 | Lair:6   | Received a gift from Okawaru
 13887 | Lair:6   | Reached skill level 10 in Spellcasting
 14003 | Lair:6   | Got a steaming flail
 14004 | Lair:6   | Identified the +0 flail of the Nexus {crush, +Blink} (You found it on level 6 of the Lair of Beasts)
 14114 | Lair:6   | Received a gift from Okawaru
 14119 | Lair:6   | Reached ****** piety under Okawaru
 14121 | Lair:6   | Received a gift from Okawaru
 14127 | Lair:6   | Reached XP level 14. HP: 46/106 MP: 17/28
 14773 | Lair:6   | Reached skill level 10 in Dodging
 15983 | Lair:6   | Reached skill level 10 in Stealth
 16252 | Lair:6   | Noticed Josephine
 16276 | Lair:6   | Killed Josephine
 16487 | Lair:6   | Got a twisted short sword {antimagic}
 16487 | Lair:6   | Got a warped leather armour
 16506 | Lair:6   | Identified the +7 short sword of Fundamental Breach {antimagic, +Rage rF+} (You took it off Josephine on level 6 of the Lair of Beasts)
 16508 | Lair:6   | Identified the +3 leather armour "Moxiregh" {*Corrode rN+ Str+4} (You took it off Josephine on level 6 of the Lair of Beasts)
 16659 | D:10     | Entered Level 10 of the Dungeon
 17252 | D:10     | Reached skill level 10 in Invocations
 17408 | D:10     | Noticed Sergey's ghost (novice DgIE)
 17419 | D:10     | Killed Sergey's ghost
 17693 | D:11     | Noticed Maurice
 17711 | D:11     | Killed Maurice
 17988 | D:11     | Lost mutation: You tend to lose your temper in combat. [potion of mutation]
 17988 | D:11     | Lost mutation: You are covered in fur. (AC +1) [potion of mutation]
 17988 | D:11     | Gained mutation: Scrolls take you a little longer to read. [potion of mutation]
 17988 | D:11     | Gained mutation: Your body sometimes deteriorates upon taking damage. [potion of mutation]
 17988 | D:11     | Gained mutation: Your movements are slightly less encumbered by armour. (ER -2) [potion of mutation]
 17988 | D:11     | Gained mutation: You are partially covered in icy blue scales. (AC +2) [potion of mutation]
 18122 | D:11     | Found Ziqic's General Store.
 18153 | D:11     | Found a staircase to the Orcish Mines.
 18663 | Orc:1    | Entered Level 1 of the Orcish Mines
 18674 | Orc:1    | Received a gift from Okawaru
 18935 | Orc:2    | Entered Level 2 of the Orcish Mines
 18942 | Orc:2    | Found Wiom's Antique Weapon Emporium.
 18943 | Orc:2    | Found Caenes's General Store.
 18949 | Orc:2    | Paralysed by an orc sorcerer for 6 turns
 18953 | Orc:2    | Noticed an orc warlord
 19272 | Orc:2    | Paralysed by an orc sorcerer for 5 turns
 19274 | Orc:2    | HP: 3/108 [troll[an orc knight] (3)]
 19274 | Orc:2    | Shot with a bolt by an orc warlord

Vault maps used:
D:1:      minmay_arrival_loop
D:2:      lemuel_round_altar, tgw_fedhas, uniq_natasha, uniq_jessica
D:3:      first_ration, uniq_ijyb, uniq_robin
D:4:      uniq_pikel
D:5:      cheibrodos_fzero, minmay_temple_entry_mist, kennysheep_potato,
          uniq_menkaure
D:6:      corexii_shack_village, grunt_dithmenos_smoke, uniq_duvessa,
          uniq_blork_the_orc, uniq_eustachio
D:8:      kennysheep_steamy, grunt_ogre_cave, st_stairs_1, minmay_hedge_maze
D:9:      lair_entry_dummy, serial_glass, glass_columns_c, glass_columns_a,
          minmay_misc_feat_rugged, lightli_corner_chamber
D:11:     minmay_orc_entry_guard_dogs, serial_shops, shop, serial_bayou_lake_a,
          uniq_maurice
Temple:   minmay_crystal_snake_temple
Lair:1:   hibernation_bobbens, uniq_harold
Lair:2:   swamp_mist, serial_bayou_shore_b
Lair:3:   st_stairs_11, lemuel_fruit_tree, grunt_megastairs_5
Lair:4:   guppyfry_snake_entry_island, lab_entry_generic, st_stairs_11,
          lemuel_fruit_fields
Lair:5:   slime_altar_1
Lair:6:   minmay_lair_end_frog_pond, uniq_josephine
Orc:2:    grunt_orc_gardens, grunt_orc_garden, grunt_orc_garden,
          grunt_orc_garden, grunt_orc_garden, portal_ice_cave_entry_imps
Lab:      nicolae_lab_starburst, nicolae_lab_blocks, nicolae_lab_diamond,
          nicolae_lab_x, lab_hedge, labyrinth_skeletal_remains,
          nicolae_lab_grate_2, labyrinth_fake_exit, nicolae_lab_plus,
          nicolae_lab_swirl, nicolae_lab_quarters, nicolae_lab_checkerboard,
          nicolae_lab_dead_end

Skill      XL: |  1  2  3  4  5  6  7  8  9 10 11 12 13 14 |
---------------+-------------------------------------------+-----
Conjurations   | 2 3 4 5 6 7 8 |  8.2
Spellcasting   | 5 6 8 9 10 | 10.6
Invocations    | 1 3 4 5 6 7 8 9 10 | 10.2
Fighting       | 1 2 3 4 6 7 8 9 |  9.4
Short Blades   | 1 2 3 4 6 7 8 9 |  9.4
Long Blades    | 1 2 3 4 6 7 8 9 |  9.4
Axes           | 1 2 3 4 6 7 8 9 |  9.4
Maces & Flails | 1 2 3 4 6 7 8 9 |  9.4
Polearms       | 1 2 3 4 6 7 8 9 |  9.4
Staves         | 1 2 3 4 6 7 8 9 |  9.4
Slings         | 1 2 3 4 6 7 8 9 |  9.4
Bows           | 1 2 3 4 6 7 8 9 |  9.4
Crossbows      | 1 2 3 4 6 7 8 9 |  9.4
Throwing       | 1 2 3 4 6 7 8 9 |  9.4
Armour         | 1 2 3 4 6 7 8 9 |  9.4
Shields        | 1 2 3 4 6 7 8 9 |  9.4
Unarmed Combat | 1 2 3 4 6 7 8 9 |  9.4
Evocations     | 1 2 3 4 6 7 8 9 |  9.4
Hexes          | 1 2 3 5 6 7 |  7.8
Charms         | 1 2 3 5 6 7 |  7.8
Summonings     | 1 2 3 5 6 7 |  7.8
Necromancy     | 1 2 3 5 6 7 |  7.8
Translocations | 1 2 3 5 6 7 |  7.8
Transmutations | 1 2 3 5 6 7 |  7.8
Fire Magic     | 1 2 3 5 6 7 |  7.8
Ice Magic      | 1 2 3 5 6 7 |  7.8
Air Magic      | 1 2 3 5 6 7 |  7.8
Earth Magic    | 1 2 3 5 6 7 |  7.8
Dodging        | 5 6 7 8 9 10 | 10.4
Stealth        | 5 6 7 8 9 10 | 10.2
Poison Magic   | 6 7 8 9 |  9.6

Action                   |  1- 3 |  4- 6 |  7- 9 | 10-12 | 13-15 || total
-------------------------+-------+-------+-------+-------+-------++-------
Melee: Unarmed           |     3 |       |       |       |       ||     3
       Short sword       |     6 |       |       |       |       ||     6
       Dagger            |    53 |    97 |   293 |   765 |   633 ||  1841
       Bite              |     2 |     6 |    26 |    97 |   148 ||   279
       Punch             |       |     1 |     4 |     2 |       ||     7
       Scimitar          |       |       |       |       |   131 ||   131
 Fire: Hunting sling     |       |       |       |       |    33 ||    33
Throw: Javelin           |       |       |     4 |     4 |    15 ||    23
       Stone             |       |       |       |       |     2 ||     2
 Cast: Sting             |    11 |       |     1 |     2 |       ||    14
       Poisonous Vapours |     3 |     9 |    21 |    15 |     7 ||    55
       Olgreb's Toxic Ra |       |     3 |     8 |     9 |    14 ||    34
       Mephitic Cloud    |       |       |     5 |     8 |     3 ||    16
       Irradiate         |       |       |       |     5 |     7 ||    12
       Venom Bolt        |       |       |       |     1 |     4 ||     5
       Call Imp          |       |       |       |       |     1 ||     1
Evoke: Wand              |       |       |     1 |     6 |     3 ||    10
  Use: Scroll            |     6 |     6 |    12 |    14 |    10 ||    48
       Potion            |       |       |       |     3 |     6 ||     9
 Stab: Sleeping          |     4 |     4 |    17 |    18 |     7 ||    50
       Confused          |       |       |     2 |     6 |       ||     8
       Distracted        |       |       |       |       |     2 ||     2
       Petrifying        |       |       |       |       |     2 ||     2
       Invisible         |       |       |       |       |     1 ||     1
  Eat: Chunk             |     1 |     8 |    12 |    17 |    21 ||    59
       Ration            |       |       |       |     2 |     2 ||     4
Armor: Leather armour    |    25 |    21 |       |       |       ||    46
       Robe              |       |       |    54 |   118 |   135 ||   307
Dodge: Dodged            |    54 |    86 |   225 |   457 |   438 ||  1260
Block: Buckler           |       |       |       |   190 |   271 ||   461
       Rpst.: Scimitar   |       |       |       |       |    19 ||    19

Table legend:
 A = Spawn XP
 B = Non-spawn XP
 C = Spawn XP percentage of total XP
 D = Spawn monster count
 E = Non-spawn monster count
 F = Spawn count percentage of total count
 G = Total turns spent on level
                    A         B        C        D         E        F      G
               +---------+---------+-------+---------+---------+-------+---------
         Total |       0 |   73636 |   0.0 |       0 |     492 |   0.0 | 19274
               +---------+---------+-------+---------+---------+-------+---------
           D:1 |       0 |      28 |   0.0 |       0 |      17 |   0.0 |   911
           D:2 |       0 |     273 |   0.0 |       0 |      21 |   0.0 |  1253
           D:3 |       0 |     138 |   0.0 |       0 |      25 |   0.0 |  1069
           D:4 |       0 |     995 |   0.0 |       0 |      22 |   0.0 |  1595
           D:5 |       0 |    1379 |   0.0 |       0 |      37 |   0.0 |   831
           D:6 |       0 |    1081 |   0.0 |       0 |      33 |   0.0 |  1028
           D:7 |       0 |     978 |   0.0 |       0 |      33 |   0.0 |   536
           D:8 |       0 |    2455 |   0.0 |       0 |      31 |   0.0 |   982
           D:9 |       0 |    4700 |   0.0 |       0 |      22 |   0.0 |   813
          D:10 |       0 |    3293 |   0.0 |       0 |      14 |   0.0 |  1031
          D:11 |       0 |    3115 |   0.0 |       0 |      21 |   0.0 |   973
        Lair:1 |       0 |    2963 |   0.0 |       0 |      10 |   0.0 |   579
        Lair:2 |       0 |    1678 |   0.0 |       0 |       9 |   0.0 |   820
        Lair:3 |       0 |    6527 |   0.0 |       0 |      23 |   0.0 |   875
        Lair:4 |       0 |    6401 |   0.0 |       0 |      18 |   0.0 |   936
        Lair:5 |       0 |    2722 |   0.0 |       0 |      10 |   0.0 |  1489
        Lair:6 |       0 |   27491 |   0.0 |       0 |     103 |   0.0 |  2136
         Orc:1 |       0 |     897 |   0.0 |       0 |       8 |   0.0 |   557
         Orc:2 |       0 |    4506 |   0.0 |       0 |      25 |   0.0 |    54
           Lab |       0 |    2016 |   0.0 |       0 |      10 |   0.0 |   570
               +---------+---------+-------+---------+---------+-------+---------
